 Dungeon Crawl Stone Soup version 0.28.0-53-g5a82cb258f (webtiles) character file.

Game seed: 9494452005224043404

350 Stomo the Ruffian (level 6, -1/51 HPs)
             Began as a Draconian Transmuter on July 9, 2022.
             Slain by an ice beast (3 damage)
             ... on level 7 of the Dungeon.
             The game lasted 00:05:43 (4281 turns).

Stomo the Ruffian (Draconian Transmuter)            Turns: 4281, Time: 00:05:44

Health: -1/51      AC:  6    Str: 15    XL:     6   Next: 34%
Magic:  8/10       EV: 12    Int: 13    God:
Gold:   143        SH:  0    Dex: 11    Spells: 8/11 levels left

rFire   . . .      SeeInvis .     - Unarmed
rCold   . . .      Faith    .   (no shield)
rNeg    . . .      Spirit   .   (armour unavailable)
rPois   .          Reflect  .   (helmet restricted)
rElec   .          Harm     .   (no cloak)
rCorr   .          Rampage  .   (no gloves)
Will    .....                   (no boots)
Stlth   +.........              (no amulet)
HPRegen 0.17/turn               (no ring)
MPRegen 0.12/turn               (no ring)

@: wereblooded
A: AC +6, unfitting armour, cold-blooded
a: no special abilities


You were on level 7 of the Dungeon.
You visited 1 branch of the dungeon, and saw 5 of its levels.

You collected 143 gold pieces.

Inventory:

Scrolls
 a - a scroll of identify {unknown}
 b - a scroll of fear {unknown}
 c - a scroll of noise {unknown}
 e - a scroll of enchant armour {unknown}
 f - a scroll of teleportation {unknown}
 j - a scroll of amnesia {unknown}
 k - 2 scrolls of magic mapping {unknown}
Potions
 g - 3 potions of haste {unknown}
 h - a potion of brilliance {unknown}
 i - a potion of attraction {unknown}


   Skills:
 + Level 3.3 Fighting
 + Level 3.2 Dodging
 + Level 4.2 Unarmed Combat
 - Level 3.0 Spellcasting
 + Level 3.4 Transmutations


You had 8 spell levels left.
You knew the following spells:

 Your Spells              Type           Power      Damage    Failure   Level
a - Beastly Appendage     Tmut           22%        N/A       5%          1
b - Wereblood             Tmut           11%        N/A       9%          2

Your spell library contained the following spells:

 Spells                   Type           Power      Damage    Failure   Level
 Passwall                 Tmut/Erth      5%         N/A       17%         2
 Pain                     Necr           4%         1d4       22%         1
 Ensorcelled Hibernation  Hex/Ice        2%         N/A       34%         2
 Spider Form              Tmut/Pois      6%         N/A       34%         3
 Swiftness                Air            1%         N/A       56%         3
 Ice Form                 Ice/Tmut       6%         N/A       75%         4
 Agony                    Necr           1%         N/A       99%         5
 Excruciating Wounds      Necr           0%         N/A       99%         5


Dungeon Overview and Level Annotations

Branches:
Dungeon (4/15)
 Temple: D:4-7

Altars:
Zin

Shops:
D:3 =


Innate Abilities, Weirdness & Mutations

Your plain brown scales are hard. (AC +6)
You cannot fit into any form of body armour.
You are cold-blooded and may be slowed by cold attacks.


Message History

You closely miss the ice beast.
The ice beast is almost dead.
The ice beast hits you. The ice beast freezes you!
You feel yourself slow down.
You hit the ice beast but do no damage.
You tail-slap the ice beast, but do no damage.
The ice beast is almost dead.
The ice beast barely misses you.
You barely miss the ice beast.
The ice beast is almost dead.
You feel yourself speed up. The ice beast hits you. The ice beast freezes you!
You feel yourself slow down.
You closely miss the ice beast.
The ice beast is almost dead.
The ice beast closely misses you. The ice beast barely misses you.
You closely miss the ice beast.
The ice beast is almost dead.
You feel yourself speed up. The ice beast closely misses you.
You hit the ice beast but do no damage.
The ice beast is almost dead.
The ice beast hits you. The ice beast freezes you!
You feel yourself slow down.
You hit the ice beast but do no damage.
You tail-slap the ice beast, but do no damage.
The ice beast is almost dead.
The ice beast barely misses you.
Unknown command.
Casting: Wereblood (safe; 9% risk of failure)
Confirm with . or Enter, or press ? or * to list all spells.
Your blood is infused with primal strength.
You feel yourself speed up.
The ice beast hits you but does no damage.
The ice beast hits you.
* * * LOW HITPOINT WARNING * * *
The ice beast freezes you!
* * * LOW HITPOINT WARNING * * *
Unknown command.
You closely miss the ice beast.
Your tail-slap misses the ice beast.
The ice beast is almost dead.
The ice beast hits you.
You die...

# .# ..## #+### .....
#...#...... #..)'......
##### #.@.#......
##...########.Y.# .....
#..........##...# ....
####..)).....##'#######c#
..##...##....##........ .
.......##....##........
........#....'.........
..####'##....##....###.
..#.....#....##....#


You could see an ice beast.

Vanquished Creatures
  A water moccasin (D:7)
  A centaur (D:7)
  7 gnolls (D:2)
  3 adders (D:2)
  A worm (D:3)
  2 dart slugs
  3 orcs
  2 endoplasms
  5 giant cockroaches (D:1)
  5 goblins
  2 hobgoblins (D:1)
  10 jackals
  4 kobolds
  A quokka (D:1)
  5 ball pythons
  8 bats
  3 frilled lizards
  4 rats (D:1)
67 creatures vanquished.

Notes
Turn   | Place    | Note
-------+----------+-------------------------------------------
     0 | D:1      | Stomo the Draconian Transmuter began the quest for the Orb.
     0 | D:1      | Reached XP level 1. HP: 16/16 MP: 3/3
   295 | D:1      | Reached XP level 2. HP: 23/23 MP: 3/5
   486 | D:1      | Learned a level 2 spell: Wereblood
   624 | D:1      | Reached XP level 3. HP: 24/29 MP: 4/6
  1781 | D:2      | Reached XP level 4. HP: 19/36 MP: 4/7
  1953 | D:2      | Found a glowing silver altar of Zin.
  2286 | D:2      | Found a faded altar of an unknown god.
  3053 | D:2      | Reached XP level 5. HP: 31/42 MP: 5/9
  3493 | D:3      | Found Awinat's Jewellery Shop.
  4147 | D:4      | You fall into a shaft and drop 3 floors!
  4241 | D:7      | Noticed a centaur
  4241 | D:7      | Noticed a water moccasin
  4251 | D:7      | Killed a water moccasin
  4252 | D:7      | Reached skill level 4 in Unarmed Combat
  4252 | D:7      | Reached XP level 6. HP: 51/51 MP: 7/10
  4259 | D:7      | Noticed an ice beast
  4280 | D:7      | HP: 2/51 [ice beast (10)]
  4281 | D:7      | Slain by an ice beast

Illustrated notes

Levels and vault maps discovered:
D:1:      dpeg_arrival_prison, layout_basic, minmay_misc_feat_secret_circle
D:2:      layout_loops_corners, shapermc_ecumenical_altar_totnotflames,
          basic_altar, minivault_5, minmay_shallow_snake_nest
D:3:      layout_loops_ring, serial_shops, nicolae_shop_waterfront
D:4:      layout_basic, mainiacjoe_overflow_chevrons, uniq_duvessa
D:7:      layout_gridville, minmay_temple_entry_junction_2,
          minmay_misc_feat_roman, kb_lookout_dungeons_type, grunt_ministairs_14

Skill      XL: |  1  2  3  4  5 |
---------------+----------------+-----
Dodging        | 2 3 |  3.2
Fighting       | 2 3 |  3.3
Unarmed Combat | 4 |  4.2
Spellcasting   | 3 |  3.0
Transmutations | 3 |  3.4

Action                   |  1- 3 |  4- 6 || total
-------------------------+-------+-------++-------
Melee: Unarmed           |   107 |   117 ||   224
       Tailslap          |    14 |    15 ||    29
       Headbutt          |     7 |    12 ||    19
       Kick              |    20 |    17 ||    37
       Punch             |     3 |     5 ||     8
 Cast: Beastly Appendage |    23 |    24 ||    47
       Wereblood         |     2 |     6 ||     8
  Use: Potion            |       |     1 ||     1
Armor: Skin              |    30 |    68 ||    98
Dodge: Dodged            |    84 |    76 ||   160
